 Dungeon Crawl Stone Soup version 0.18-a0-1197-g8004e50 (webtiles) character file.

62664 nuthulu the Warrior (level 15, -4/104 HPs)
             Began as a Gargoyle Fighter on Jan 30, 2016.
             Was a High Priest of Okawaru.
             Slain by a fire elemental (11 damage)
             ... led by Azrael
             ... on level 2 of the Orcish Mines.
             The game lasted 00:58:57 (25011 turns).

nuthulu the Warrior (Gargoyle Fighter)             Turns: 25011, Time: 00:58:57

Health: -4/104     AC: 44    Str: 21    XL:     15   Next: 7%
Magic:  15/15      EV:  9    Int: 11    God:    Okawaru [*****.]
Gold:   377        SH: 16    Dex: 24    Spells: 0 memorised, 14 levels left

rFire  . . .     SeeInvis +     l - +9 flail of Ruochock {crush, Dex+4}
rCold  . . .     Gourm    +     O - +6 plate armour of Baldness {*Drain rCorr Dex+2 SInv}
rNeg   + + .     Faith    .     p - +2 shield
rPois  ∞         Spirit   .     P - +1 hat "Nonleahu" {rElec rN+ Stlth+}
rElec  +         Dismiss  .     t - +2 cloak
rCorr  +         Reflect  .     R - +2 pair of fencer's gloves {LBl+4 SBl+4 EV+3 Dex+6}
SustAt .         Harm     .     I - +2 pair of boots {run}
MR     ++...                    i - amulet of the gourmand
Stlth  ..........               x - ring of see invisible
                                C - ring of protection from magic

@: flying, quick, very resistant to hostile enchantments, extremely unstealthy
A: big wings, hooves 1, negative energy resistance 1, electricity resistance,
unbreathing, petrification resistance, rot immunity, AC +11
a: Stop Flying, Heroism, Finesse, Renounce Religion


You were on level 2 of the Orcish Mines.
You worshipped Okawaru.
Okawaru was extremely pleased with you.
You were very full.

You visited 3 branches of the dungeon, and saw 22 of its levels.
You visited 1 bazaar.
You also visited: Labyrinth.

You collected 2374 gold pieces.
You spent 1997 gold pieces at shops.

Inventory:

Hand Weapons
 l - the +9 flail of Ruochock (weapon) {crush, Dex+4}
   (You bought it in a shop in a bazaar)

   It inflicts extra damage upon your enemies.
   It affects your dexterity (+4).
 L - a +1 morningstar of protection
 T - a +2 eveningstar
Armour
 p - a +2 shield (worn)
 t - a +2 cloak (worn)
 G - a +1 plate armour
 I - a +2 pair of boots of running (worn)
 O - the +6 plate armour of Baldness (worn) {*Drain rCorr Dex+2 SInv}
   (You bought it in a shop on level 2 of the Orcish Mines)

   It affects your dexterity (+2).
   It lets you see invisible.
   It protects you from acid and corrosion.
   It causes draining when unequipped.
 P - the +1 hat "Nonleahu" (worn) {rElec rN+ Stlth+}
   (Okawaru gifted it to you on level 12 of the Dungeon)

   It insulates you from electricity.
   It protects you from negative energy.
   It makes you more stealthy.
 R - the +2 pair of fencer's gloves (worn) {LBl+4 SBl+4 EV+3 Dex+6}
   (You found it on level 3 of the Lair of Beasts)

   It affects your evasion (+3).
   It affects your dexterity (+6).
 X - the +2 pair of boots of the Burgomaster {rC++}
   (You acquired it on level 4 of the Lair of Beasts)

   It greatly protects you from cold.
Jewellery
 d - an uncursed ring of magical power
 i - an amulet of the gourmand (around neck)
 u - an uncursed ring of sustain attributes
 x - a ring of see invisible (right hand)
 C - a ring of protection from magic (left hand)
 E - a +3 ring of strength
 U - the amulet "Fuuczomm" {MPRegen rN+}
   (You found it on level 4 of the Lair of Beasts)

   [amulet of magic regeneration]

   It increases your magic regeneration.
   It protects you from negative energy.
Wands
 a - a wand of disintegration (8/24)
 c - a wand of paralysis (2/24)
 k - a wand of paralysis (11/24)
 w - a wand of random effects (46/48)
 J - a wand of flame (23/48)
 Y - a wand of teleportation (2/9)
Scrolls
 b - a scroll of blinking
 e - 10 scrolls of remove curse
 m - 6 scrolls of teleportation
 n - 2 scrolls of fog
 s - 2 scrolls of amnesia
 y - 3 scrolls of recharging
 D - 2 scrolls of fear
 W - a scroll of magic mapping
Potions
 g - 2 potions of cancellation
 h - 2 potions of agility
 q - 2 potions of curing
 v - a potion of cure mutation
 A - 4 potions of brilliance
 B - 3 potions of ambrosia
 F - a potion of lignification
 H - 3 potions of might
 K - 2 potions of berserk rage
 M - a potion of mutation
 Q - a potion of magic
 S - 2 potions of flight
 V - a potion of haste
 Z - 2 potions of invisibility
Comestibles
 f - 10 bread rations
 o - 12 meat rations
 r - 11 beef jerkies
 z - 24 fruits
 N - 3 slices of pizza


   Skills:
 - Level 16.0 Fighting
 - Level 14.8 Maces & Flails
 + Level 12.0 Armour
 + Level 12.2 Shields


You had 14 spell levels left.
You didn't know any spells.

Dungeon Overview and Level Annotations

Branches:
Dungeon (12/15)            Temple (0/1) D:6            Lair (8/8) D:10
  Swamp (0/4) Lair:6       Spider (0/4) Lair:5          Orc (2/2) D:12
    Elf (0/3) Orc:2
  Slime: Lair:6-8

Altars:
Cheibriados
Dithmenos
Fedhas
Gozag
Kikubaaqudgha
Makhleb
Nemelex Xobeh
Okawaru
Ru
Trog
Xom
Yredelemnul
The Shining One
Beogh

Shops:
Orc:2 %[(*

Annotations:
Lair:7 exclusion: 4 oklob plants
Lair:8 exclusion: 2 oklob plants


Innate Abilities, Weirdness & Mutations

You are resistant to torment.
Your stone body is resilient (AC +11).
You are immune to poison.
Your large and strong wings let you fly indefinitely.
You resist negative energy.
You are resistant to electric shocks.
You can survive without breathing.
You are immune to petrification.
You are immune to rotting.
You have large cloven feet.


Message History

The hell hound is almost dead.
You block the hell hound's attack. You block the orc's attack.
The fire elemental hits you. The fire elemental burns you!
* * * LOW HITPOINT WARNING * * *
You bludgeon the hell hound!!
You kill the hell hound!
Okawaru accepts your kill. The fire elemental hits you.
The fire elemental burns you!
* * * LOW HITPOINT WARNING * * *
You block the orc's attack.
Unknown command.
Your plate armour of Baldness prevents you from hitting the fire elemental.
You block the fire elemental's attack.
An orc warrior comes into view. It is wielding a war axe.
You block the orc's attack.
Things that are here:
an enchanted broad axe; a chain mail; a scimitar of flaming You block the fire elemental's attack.
You block the orc's attack. The fire elemental hits you.
The fire elemental burns you!
You die...

.........>...............
.......................[.
....#...............(<..
...§.o..................
#)o)................
##§....######.....)..
#.§.o..#8..)#........
##)E...#...))........
###@..######........
#.................
.....................
...............#......
..#....#####.......#.. .
##...# #.......... ##..#
#.......... ...#
+.......... #..
#..#......#


You could see a fire elemental, an orc warrior and 2 orcs.

Vanquished Creatures
  Maud (Lair:3)
  An orc warlord (Orc:2)
  Nessos (Lair:8)
  Azrael (Orc:2)
  A minotaur (Lab)
  An ice dragon (Lair:5)
  8 hydras
  A queen ant (D:11)
  3 death yaks (Lair:6)
  An orc high priest (Orc:2)
  An unseen horror (D:12)
  Pikel (D:9)
  A hill giant (D:12)
  3 orc sorcerers (Orc:2)
  2 griffons
  2 orc knights
  4 elephants (Lair:8)
  5 black mambas
  Maurice (Orc:2)
  2 gargoyles
  2 centaur skeletons (D:12)
  22 spiny frogs
  4 yaktaurs (D:11)
  9 komodo dragons
  A fire drake (Lair:8)
  A giant leech (Lair:8)
  A troll (Orc:2)
  A polar bear (Lair:3)
  21 blink frogs
  19 yaks
  6 spriggans (Lair:7)
  5 vampire mosquitoes (Lair:8)
  3 fire elementals (Orc:2)
  11 hippogriffs
  6 basilisks
  A hungry ghost (D:10)
  9 wolves
  The ghost of Foom the Stinger, an amateur OpVM of Sif Muna (D:4)
  2 wargs (Orc:2)
  20 soldier ants (D:11)
  23 water moccasins
  6 porcupines
  A hell hound (Orc:2)
  2 ice beasts
  22 orc warriors
  A sky beast (D:8)
  5 phantoms
  2 black bears
  6 ogres
  A necrophage (D:8)
  A centaur (D:12)
  15 crocodiles
  A big kobold (D:11)
  29 giant frogs
  A water moccasin skeleton (D:8)
  4 scorpions
  6 killer bees (D:10)
  8 electric eels
  3 wights (D:12)
  A giant frog zombie (D:4)
  9 crimson imps
  3 centaur zombies
  7 hounds
  A quasit (D:8)
  17 orc priests
  A giant frog skeleton (D:12)
  3 iron imps (D:6)
  3 jellies
  15 orc wizards
  12 iguanas
  22 worker ants
  5 sheep (Lair:7)
  2 killer bee zombies
  3 hound skeletons
  3 worker ant zombies
  A gnoll (D:1)
  16 adders
  54 river rats
  2 shadow imps (D:11)
  3 white imps (Lair:5)
  An ooze (D:2)
  A worm zombie (D:7)
  2 adder skeletons
  3 worms (D:2)
  4 giant geckos
  67 orcs
  6 bats
  7 giant cockroaches
  9 hobgoblins
  13 jackals
  11 kobolds
  4 quokkas
  11 giant newts
  8 goblins
  A jackal skeleton (D:4)
  A quokka skeleton (D:4)
  8 rats
  A spectral orc (D:8)
  A plant (Lair:6)
665 creatures vanquished.

Vanquished Creatures (others)
  A yak (Lair:7)
  An ogre (D:9)
  An orc wizard (Orc:2)
  4 river rats (Lair:8)
  3 orcs (Orc:2)
  15 fungi
  18 plants
43 creatures vanquished.

Grand Total: 708 creatures vanquished

Notes
Turn   | Place    | Note
--------------------------------------------------------------
     0 | D:1      | nuthulu the Gargoyle Fighter began the quest for the Orb.
     0 | D:1      | Reached XP level 1. HP: 14/14 MP: 1/1
   124 | D:1      | Reached XP level 2. HP: 19/19 MP: 2/2
   711 | D:1      | Reached XP level 3. HP: 24/24 MP: 3/3
  1039 | D:1      | Reached skill level 4 in Fighting
  1331 | D:2      | Found a glowing golden altar of the Shining One.
  1364 | D:2      | Reached XP level 4. HP: 29/29 MP: 4/4
  2000 | D:2      | Reached XP level 5. HP: 32/34 MP: 5/5
  2505 | D:3      | Reached skill level 5 in Fighting
  2645 | D:3      | Reached XP level 6. HP: 33/40 MP: 6/6
  2886 | D:3      | Found a faded altar to an unknown god.
  3197 | D:4      | Noticed Foom's ghost (amateur OpVM)
  3208 | D:4      | Killed Foom's ghost
  3208 | D:4      | Reached skill level 6 in Fighting
  3208 | D:4      | Reached skill level 5 in Maces & Flails
  3585 | D:4      | Reached XP level 7. HP: 41/46 MP: 7/7
  3985 | D:4      | Found a snail-covered altar of Cheibriados.
  4192 | D:4      | You fall through a shaft for 2 floors!
  4203 | D:6      | Reached skill level 7 in Fighting
  4237 | D:6      | Found an iron altar of Okawaru.
  4245 | D:6      | Found a shadowy altar of Dithmenos.
  4261 | D:8      | HP: 2/48 [iguana (4)]
  4554 | D:6      | Reached XP level 8. HP: 45/53 MP: 8/8
  4568 | D:6      | Became a worshipper of Warmaster Okawaru
  4749 | D:6      | Found a staircase to the Ecumenical Temple.
  4799 | D:5      | Entered Level 5 of the Dungeon
  4939 | D:4      | Found an opulent altar of Gozag.
  5098 | D:5      | Reached skill level 8 in Fighting
  5219 | D:5      | Found a blossoming altar of Fedhas.
  5229 | D:5      | Reached * piety under Okawaru
  5605 | D:6      | Found a burning altar of Makhleb.
  5627 | D:6      | Reached skill level 9 in Fighting
  5640 | D:6      | Gained mutation: You have large cloven feet. [potion of beneficial mutation]
  5937 | D:7      | Reached XP level 9. HP: 57/60 MP: 9/9
  6788 | D:8      | Reached ** piety under Okawaru
  7026 | D:8      | Found a shimmering altar of Xom.
  7146 | D:8      | Reached skill level 10 in Fighting
  7503 | D:8      | Found a sacrificial altar of Ru.
  7906 | D:8      | Found a basalt altar of Yredelemnul.
  8240 | D:9      | Noticed Pikel
  8255 | D:9      | Killed Pikel
  8255 | D:9      | Reached *** piety under Okawaru
  8255 | D:9      | Reached skill level 11 in Fighting
  8255 | D:9      | Reached skill level 10 in Maces & Flails
  8255 | D:9      | Reached XP level 10. HP: 65/70 MP: 10/10
  8294 | D:9      | Found a sparkling altar of Nemelex Xobeh.
  8365 | D:9      | Found a bloodstained altar of Trog.
  8411 | D:9      | Found an ancient bone altar of Kikubaaqudgha.
  9021 | D:10     | Entered Level 10 of the Dungeon
  9145 | D:10     | You fall through a shaft for 2 floors!
  9174 | D:12     | Noticed a hill giant
  9183 | D:12     | Killed a hill giant
  9198 | D:12     | Reached **** piety under Okawaru
  9222 | D:12     | Noticed an unseen horror
  9346 | D:12     | Killed an unseen horror
  9346 | D:12     | Reached skill level 12 in Fighting
  9388 | D:12     | Found a flickering gateway to a bazaar.
  9394 | Bazaar   | Entered a bazaar
  9394 | Bazaar   | Found Vamnom's Gadget Shoppe.
  9531 | Bazaar   | Found Lazanun's Antique Weapon Boutique.
  9544 | Bazaar   | Found Maculeh's Antique Armour Emporium.
  9552 | Bazaar   | Found Xisayrph's Magic Scroll Emporium.
  9563 | Bazaar   | Found Heukomye's General Store.
  9592 | Bazaar   | Bought an ancient flail for 229 gold pieces
  9592 | Bazaar   | Identified the +9 flail of Ruochock {crush, Dex+4} (You bought it in a shop in a bazaar)
  9614 | Bazaar   | Bought a scroll of identify for 28 gold pieces
 10053 | D:10     | Reached ***** piety under Okawaru
 10314 | D:10     | Found a staircase to the Lair.
 10488 | Lair:1   | Entered Level 1 of the Lair of Beasts
 10633 | Lair:1   | Reached XP level 11. HP: 76/76 MP: 11/11
 10762 | Lair:1   | Noticed a five-headed hydra
 10773 | Lair:1   | Killed a five-headed hydra
 10773 | Lair:1   | Reached skill level 13 in Fighting
 11637 | Lair:2   | Noticed a seven-headed hydra
 11642 | Lair:2   | Killed a seven-headed hydra
 11642 | Lair:2   | Received a gift from Okawaru
 11748 | Lair:2   | Identified a scroll of acquirement
 12550 | Lair:3   | Reached skill level 14 in Fighting
 12774 | Lair:3   | Noticed Maud
 12796 | Lair:3   | Killed Maud
 12796 | Lair:3   | Reached XP level 12. HP: 81/86 MP: 10/12
 12865 | Lair:3   | Reached ****** piety under Okawaru
 13528 | Lair:4   | Noticed a five-headed hydra
 13543 | Lair:4   | Killed a five-headed hydra
 13545 | Lair:4   | Received a gift from Okawaru
 13545 | Lair:4   | Reached skill level 15 in Fighting
 13643 | Lair:4   | Got a faintly glowing ruby amulet
 13651 | Lair:4   | Got a pair of steaming boots
 13662 | Lair:4   | Identified the +2 pair of boots of the Burgomaster {rC++} (You acquired it on level 4 of the Lair of Beasts)
 13663 | Lair:4   | Identified the amulet "Fuuczomm" {MPRegen rN+} (You found it on level 4 of the Lair of Beasts)
 14067 | Lair:4   | Noticed a four-headed hydra
 14076 | Lair:4   | Killed a four-headed hydra
 14726 | Lair:5   | Found a hole to the Spider Nest.
 14833 | Lair:5   | Noticed a seven-headed hydra
 14843 | Lair:5   | Killed a seven-headed hydra
 15107 | Lair:5   | Noticed an eight-headed hydra
 15120 | Lair:5   | Killed an eight-headed hydra
 15236 | Lair:5   | Reached XP level 13. HP: 93/93 MP: 13/13
 15377 | Lair:5   | Noticed an ice dragon
 15387 | Lair:5   | Killed an ice dragon
 15387 | Lair:5   | Reached skill level 16 in Fighting
 15536 | Lair:6   | Found a labyrinth entrance.
 15558 | Lab      | Entered a labyrinth
 16023 | Lab      | Noticed a minotaur
 17496 | Lab      | Killed a minotaur
 17778 | Lair:6   | Reached skill level 5 in Armour
 17778 | Lair:6   | Reached skill level 5 in Shields
 17785 | Lair:6   | Received a gift from Okawaru
 18082 | Lair:6   | Found a staircase to the Swamp.
 19311 | Lair:7   | Received a gift from Okawaru
 19338 | Lair:7   | Identified a +2 pair of boots of running (Okawaru gifted it to you on level 7 of the Lair of Beasts)
 20152 | Lair:8   | Entered Level 8 of the Lair of Beasts
 20321 | Lair:8   | Gained mutation: Your large and strong wings let you fly indefinitely. [Gargoyle growth]
 20321 | Lair:8   | Reached XP level 14. HP: 43/100 MP: 14/14
 20782 | Lair:8   | Noticed Nessos
 20813 | Lair:8   | Killed Nessos
 20867 | Lair:8   | Reached skill level 10 in Shields
 21118 | Lair:8   | Reached skill level 10 in Armour
 23570 | D:12     | Received a gift from Okawaru
 23573 | D:12     | Got an encrusted hat {god gift}
 23584 | D:12     | Identified the +1 hat "Nonleahu" {rElec rN+ Stlth+} (Okawaru gifted it to you on level 12 of the Dungeon)
 23624 | D:12     | Found a staircase to the Orcish Mines.
 23640 | Orc:1    | Entered Level 1 of the Orcish Mines
 23709 | Orc:1    | Found a shimmering altar of Xom.
 23906 | Orc:2    | Entered Level 2 of the Orcish Mines
 23919 | Orc:2    | Found a roughly hewn altar of Beogh.
 24007 | Orc:2    | Noticed an orc warlord
 24270 | Orc:2    | Killed an orc warlord
 24369 | Orc:2    | Found Xogebby's Antique Weapon Shoppe.
 24370 | Orc:2    | Found a roughly hewn altar of Beogh.
 24376 | Orc:2    | Found Ymojeamp's Antique Armour Emporium.
 24498 | Orc:2    | Bought an amber-encrusted plate armour for 784 gold pieces
 24514 | Orc:2    | Identified the +1 plate armour of Roteppir {rC+} (You bought it in a shop on level 2 of the Orcish Mines)
 24527 | Orc:2    | Bought a slimy plate armour for 784 gold pieces
 24532 | Orc:2    | Identified the +6 plate armour of Baldness {*Drain rCorr Dex+2 SInv} (You bought it in a shop on level 2 of the Orcish Mines)
 24632 | Orc:2    | Found a staircase to the Elven Halls.
 24736 | Orc:2    | Noticed Maurice
 24742 | Orc:2    | Killed Maurice
 24755 | Orc:2    | Found a roughly hewn altar of Beogh.
 24785 | Orc:2    | Found Inleid's Assorted Antiques.
 24791 | Orc:2    | Bought a scroll of enchant weapon for 172 gold pieces
 24870 | Orc:2    | Found a roughly hewn altar of Beogh.
 24876 | Orc:2    | Found Nahaloro's Food Boutique.
 24880 | Orc:2    | Reached XP level 15. HP: 104/104 MP: 15/15
 24962 | Orc:2    | Noticed Azrael
 24997 | Orc:2    | Killed Azrael
 25011 | Orc:2    | Slain by a fire elemental

Vault maps used:
D:1:      dpeg_arrival_ternary
D:2:      lemuel_crystal_altar, minmay_misc_feat_roman,
          kennysheep_decorative_pillar
D:3:      first_bread, ecumenical_altar_2
D:4:      cheibriados_altar_1, kennysheep_little_box
D:5:      fedhas_altar_fruit_tree, minmay_misc_feat_encased, grunt_ministairs_8
D:6:      nicolae_dithmenos_shadow_blocks, overflow_temple_1_default,
          demons_altar, temple_green
D:7:      enter_ossuary_3, nrook_loot_triangle
D:8:      yredelemnul_forgotten_temple_becter, xom_teletrap_fun,
          nicolae_ru_the_path_less_chosen, grunt_ogre_cave
D:9:      old_standard_altar, overflow_temple_1_default, old_standard_altar,
          uniq_pikel
D:10:     minmay_door_square, amethyst_killhole,
          hangedman_abyss_or_decor_jellyfish_corner
D:11:     minivault_29
D:12:     orc_0_dummy, serial_shops, bzr_entry_road
Lair:2:   grunt_megastairs_3, lemuel_fruit_fields
Lair:3:   gammafunk_lair_bear_cave, grunt_megastairs_2, uniq_maud
Lair:4:   serial_bayou_shore_a, grunt_megastairs_5
Lair:5:   dummy_spider_entry, bobbens_ice_dragon_lair
Lair:6:   swamp_mist_pool, lab_entry_generic, serial_bayou_lake_a,
          lemuel_fruit_tree
Lair:7:   minmay_slime_entry_oklob_enclosed, wad_woods_01
Lair:8:   minmay_lair_end_frog_pond, dpeg_oklob_1, serial_bayou_shore_b,
          uniq_nessos
Orc:1:    basic_altar
Orc:2:    grunt_orc_community_town_hall, grunt_orc_community_big_house_2,
          grunt_orc_community_big_house_2, grunt_orc_community_house_2,
          grunt_orc_community_house_1, grunt_orc_community_house_3,
          grunt_orc_community_house_2, grunt_orc_community_house_1,
          grunt_orc_community_house_2, basic_altar, uniq_maurice,
          uniq_saint_roka, uniq_azrael
Lab:      nicolae_lab_dead_adventurers
Bazaar:   bazaar_lake

Action                   |  1- 3 |  4- 6 |  7- 9 | 10-12 | 13-15 || total
-------------------------+-------+-------+-------+-------+-------++-------
Melee: Flail             |   131 |   256 |   580 |   578 |  1216 ||  2761
Throw: Throwing net      |       |       |     1 |       |       ||     1
Invok: Heroism           |       |       |     2 |     5 |    10 ||    17
 Abil: Fly               |       |       |       |       |     1 ||     1
Evoke: Wand              |       |     2 |     1 |     2 |       ||     5
  Use: Scroll            |     7 |     2 |    11 |    14 |     6 ||    40
       Potion            |       |     1 |     5 |     1 |     1 ||     8
 Stab: Sleeping          |       |       |     1 |       |       ||     1
       Held in net/web   |       |       |     2 |       |       ||     2
       Distracted        |       |       |       |     1 |       ||     1
  Eat: Chunk             |    14 |     8 |    15 |    30 |    27 ||    94
       Meat ration       |       |       |       |       |     1 ||     1
